Map: Simulacrum LE

Players

大炮

  • Race: Protoss Protoss
  • League: Silver
  • Spawn Location: 11:00

JohnnyV - Winner!

  • Race: Terran Terran
  • League: Silver
  • Spawn Location: 5:00

VOD

Have the link to the VOD?

Description

Time

  • Played on: May 2, 2020, 8:02 p.m.
  • Length: 22:40
Show
View Real Time Build Order
Export as new Build Order

大炮 Protoss 

Build Orders:  

Get SALT Encoding   

  12  0:03  Probe (Chrono Boost)  
  13  0:13  Probe (Chrono Boost)  
  14  0:20  Pylon  
  14  0:23  Probe  
  15  0:39  Probe  
  16  0:46  Gateway  
  16  0:51  Probe  
  17  1:03  Probe (Chrono Boost)  
  18  1:07  Forge  
  18  1:15  Probe (Chrono Boost)  
  19  1:19  Pylon  
  19  1:22  Probe (Chrono Boost), Assimilator  
  20  1:27  Assimilator  
  20  1:30  Probe  
  21  1:42  Probe  
  21  1:43  Photon Cannon  
  23  1:54  Probe  
  23  1:55  Photon Cannon  
  23  2:00  Photon Cannon  
  23  2:06  Probe  
  24  2:18  Probe (Chrono Boost)  
  25  2:29  Probe (Chrono Boost)  
  26  2:34  Probe (Chrono Boost)  
  27  2:45  Probe  
  27  2:47  Pylon  
  28  2:52  Cybernetics Core  
  28  2:56  Pylon  
  28  2:57  Probe  
  29  3:01  Pylon  
  29  3:09  Probe  
  30  3:13  Pylon  
  29  3:36  Stargate  
  29  3:39  Photon Cannon  
  29  3:42  Stargate  
  29  3:49  Pylon  
  29  3:52  Pylon  
  29  3:55  Pylon  
  29  4:04  Pylon  
  29  4:07  Stalker  
  31  4:14  Photon Cannon  
  31  4:18  Photon Cannon  
  31  4:21  Shield Battery  
  31  4:24  Void Ray (Chrono Boost)  
  35  5:03  Robotics Facility  
  35  5:05  Pylon  
  35  5:20  Twilight Council  
  35  5:26  Void Ray (Chrono Boost), Protoss Air Weapons Level 1  
  39  5:36  Probe (Chrono Boost)  
  40  5:46  Probe (Chrono Boost)  
  41  5:51  Probe (Chrono Boost)  
  41  5:53  Nexus  
  41  5:56  Assimilator  
  42  5:58  Assimilator  
  42  6:02  Probe, Pylon  
  43  6:14  Probe  
  44  6:34  Phoenix x2  
  44  6:37  Gateway  
  48  6:40  Gateway  
  48  6:43  Photon Cannon  
  48  6:46  Photon Cannon  
  48  6:54  Photon Cannon  
  48  7:20  Shield Battery  
  48  7:23  Pylon  
  48  7:31  Probe (Chrono Boost)  
  49  7:41  Probe (Chrono Boost)  
  50  7:46  Probe (Chrono Boost)  
  50  7:49  Fleet Beacon  
  51  7:56  Robotics Bay  
  51  7:57  Probe  
  51  7:58  Protoss Air Armor Level 1  
  52  8:03  Dark Shrine  
  52  8:09  Probe  
  52  8:11  Stargate  
  53  8:20  Cybernetics Core  
  53  8:23  Protoss Ground Weapons Level 1  
  53  8:43  Extended Thermal Lance (Chrono Boost)  
  53  8:52  Colossus (Chrono Boost)  
  59  9:04  Robotics Facility  
  59  9:07  Photon Cannon  
  59  9:12  Photon Cannon  
  59  9:14  Shield Battery  
  59  9:19  Shield Battery  
  59  9:26  Dark Templar  
  59  9:30  Dark Templar  
  63  9:39  Photon Cannon  
  63  9:44  Shield Battery  
  63  9:48  Pylon  
  63  9:54  Observer  
  63  9:59  Anion Pulse-Crystals  
  64  10:16  Gravitic Boosters  
  64  10:32  Tempest x2 (Chrono Boost)  
  64  10:34  Tempest (Chrono Boost)  
  64  11:31  Tempest x3 (Chrono Boost)  
  79  11:52  Gateway  
  79  11:58  Dark Templar  
  81  12:02  Nexus  
  81  12:06  Assimilator  
  81  12:07  Assimilator  
  81  12:20  Pylon  
  81  12:24  Pylon  
  81  12:29  Pylon  
  81  12:32  Observer  
  82  12:52  Protoss Ground Weapons Level 2  
  82  12:55  Protoss Air Armor Level 2 (Chrono Boost), Protoss Air Weapons Level 2 (Chrono Boost)  
  72  13:47  Gateway  
  72  13:49  Gateway  
  72  14:15  Void Ray x3  
  84  14:23  Probe (Chrono Boost)  
  85  14:33  Probe (Chrono Boost)  
  85  14:38  Probe (Chrono Boost)  
  89  14:45  Dark Templar  
  89  14:49  Probe  
  89  14:50  Gateway  
  90  14:54  Pylon  
  90  14:56  Photon Cannon  
  90  14:58  Void Ray x3  
  102  15:00  Photon Cannon  
  102  15:05  Shield Battery  
  102  15:41  Void Ray  
  106  15:43  Protoss Air Armor Level 3 (Chrono Boost)  
  106  15:44  Protoss Air Weapons Level 3 (Chrono Boost), Observer  
  107  15:55  Robotics Facility  
  107  15:59  Photon Cannon  
  107  16:01  Photon Cannon  
  107  16:05  Shield Battery  
  107  16:08  Dark Templar  
  105  16:40  Protoss Ground Weapons Level 3  
  105  16:56  Stargate  
  105  17:00  Forge  
  105  17:05  Forge  
  105  17:10  Stargate  
  105  17:12  Observer  
  106  17:16  Stargate  
  106  17:21  Stargate  
  106  17:26  Stargate  
  106  17:38  Protoss Ground Armor Level 1  
  106  17:40  Protoss Shields Level 1  
  106  17:55  Colossus  
  112  18:03  Dark Templar  
  112  18:05  Dark Templar  
  100  18:37  Tempest x2 (Chrono Boost)  
  100  18:38  Tempest (Chrono Boost)  
  59  19:12  Phoenix x2  
  62  20:11  Tempest (Chrono Boost)  
  62  20:12  Tempest (Chrono Boost)  
  72  21:00  Nexus  
  72  21:04  Pylon  
  72  21:07  Pylon  
  72  21:10  Assimilator  
  72  21:14  Assimilator  
  72  21:21  Tempest  
  72  21:22  Tempest  
  47  22:17  Photon Cannon  
  47  22:19  Photon Cannon  
Show
View Real Time Build Order
Export as new Build Order

JohnnyV Terran - Winner!

Build Orders: Liberator Opening 

Get SALT Encoding   

  12  0:01  SCV  
  13  0:17  SCV, Supply Depot  
  14  0:26  Refinery  
  14  0:29  SCV  
  15  0:41  Barracks  
  15  0:56  SCV  
  16  1:08  SCV  
  17  1:20  SCV, Refinery  
  18  1:31  Reaper  
  18  1:32  SCV  
  20  1:34  Supply Depot  
  20  1:44  SCV  
  21  1:57  Bunker  
  21  2:08  Engineering Bay  
  21  2:12  SCV  
  21  2:13  Marine  
  23  2:22  Factory  
  23  2:27  Orbital Command  
  22  2:45  Barracks Reactor  
  22  3:06  Widow Mine  
  22  3:10  Supply Depot  
  24  3:15  Starport  
  24  3:18  SCV  
  25  3:26  Marine x2  
  27  3:30  SCV  
  27  3:31  Widow Mine  
  30  3:44  SCV  
  31  3:53  Command Center  
  31  3:58  Liberator  
  34  4:08  Barracks Reactor  
  34  4:10  Barracks Tech Lab  
  34  4:23  Factory Tech Lab  
  34  4:25  Terran Infantry Weapons Level 1  
  34  4:28  Supply Depot  
  34  4:33  Supply Depot  
  34  4:38  Marauder  
  35  4:51  Liberator  
  38  4:58  Siege Tank  
  41  5:05  Marauder  
  43  5:30  Marauder  
  45  5:45  Planetary Fortress  
  45  5:49  SCV  
  46  6:01  SCV  
  47  6:05  Marine  
  47  6:08  Siege Tank  
  48  6:23  Marine  
  46  6:35  Barracks  
  46  6:36  SCV  
  46  6:37  SCV  
  48  6:41  Marine  
  49  6:48  SCV  
  49  6:49  SCV  
  49  6:51  Combat Shield  
  49  6:53  Viking x2  
  55  6:59  Terran Infantry Armor Level 1  
  55  7:03  Armory  
  55  7:05  SCV x2  
  57  7:14  Marauder  
  62  7:17  SCV, Cyclone  
  62  7:18  SCV  
  62  7:22  Supply Depot  
  64  7:23  Supply Depot  
  64  7:26  Refinery  
  64  7:30  Refinery  
  64  7:35  Missile Turret  
  64  7:37  Marine x2  
  66  7:47  Missile Turret  
  66  7:48  Missile Turret  
  66  7:52  Missile Turret  
  66  7:53  Missile Turret  
  66  7:54  Marine  
  66  7:55  Viking  
  69  8:06  SCV x2  
  69  8:10  Missile Turret  
  69  8:11  Terran Vehicle And Ship Armor Level 1  
  71  8:17  Marine x2  
  71  8:18  SCV x2  
  75  8:22  Cyclone  
  78  8:35  Marine x2  
  80  8:43  Medivac x2  
  84  8:50  Supply Depot x2  
  84  8:53  Marine x2  
  86  9:05  Command Center  
  86  9:12  Cyclone  
  89  9:25  Medivac  
  89  9:26  Viking  
  93  9:36  Barracks Reactor  
  93  9:38  Marine  
  94  9:49  Cyclone  
  94  9:52  Supply Depot  
  97  9:55  Marine  
  98  10:07  Liberator  
  103  10:14  Marauder  
  103  10:18  Marine x2  
  103  10:20  Terran Infantry Weapons Level 2  
  105  10:23  Terran Ship Weapons Level 1  
  105  10:35  Marine  
  106  10:36  Marine  
  105  11:00  Marine x3  
  105  11:01  Siege Tank  
  109  11:17  Marine  
  109  11:18  Marine  
  87  11:33  Siege Tank  
  87  11:34  Marine  
  87  11:35  Marine x2  
  83  11:40  Viking x2  
  85  11:53  Marauder  
  87  11:56  Marine x2  
  89  12:05  Siege Tank  
  92  12:10  Viking  
  92  12:14  Marine x3  
  94  12:44  Marine x3  
  94  12:48  Thor  
  103  12:59  SCV x2  
  103  13:02  Marine x3  
  85  13:20  Marine x3  
  75  13:37  Marine  
  75  13:38  Marine x2  
  75  13:55  Marine x3  
  73  14:03  Barracks  
  73  14:06  Barracks  
  65  14:12  Thor  
  65  14:13  Marine x3  
  65  14:14  Viking x2  
  75  14:31  Marine x3  
  70  14:38  SCV x2  
  70  14:39  SCV  
  70  14:44  Viking  
  75  14:49  Marine  
  76  14:55  Barracks Reactor x2, Thor  
  82  15:01  Orbital Command, Refinery  
  82  15:06  Medivac  
  84  15:08  Marine x3  
  84  15:13  Medivac  
  89  15:25  Marine  
  89  15:26  Marine x2  
  92  15:34  Starport  
  92  15:36  Medivac  
  92  15:37  Thor  
  92  15:38  Marine x4  
  104  15:43  Marine x2  
  104  15:45  Marauder  
  108  15:52  Viking  
  108  15:56  Marine x3  
  113  16:06  Viking  
  113  16:07  Marauder  
  115  16:22  Viking  
  108  16:28  Marauder  
  107  16:49  Marine x2  
  107  16:50  Marine x4  
  107  16:51  Marine  
  114  16:56  Supply Depot  
  114  16:58  Supply Depot  
  114  17:00  Supply Depot  
  114  17:05  Refinery  
  114  17:07  Marine  
  115  17:11  Marauder  
  115  17:12  Marine x3  
  120  17:16  SCV x3  
  123  17:30  Marine x2  
  123  17:32  Viking x3  
  123  17:33  Marauder  
  133  17:45  Stimpack  
  133  17:49  Marine x2  
  133  17:50  Marine x4  
  139  17:52  Thor  
  139  17:54  Marauder  
  147  18:05  Command Center  
  147  18:07  Marine  
  148  18:15  Marauder  
  132  18:37  Marauder, Marine x6  
  112  18:55  Marine  
  103  18:58  Marauder  
  105  19:09  Marine  
  105  19:10  Marine x4  
  105  19:12  Marine, Thor  
  105  19:15  Starport Tech Lab  
  163  19:17  Medivac  
  117  19:19  Marine  
  118  19:27  Marine x2  
  120  19:37  Marauder  
  112  19:42  Marine x2  
  114  19:54  Thor  
  114  19:58  Marine x2  
  114  19:59  Marauder  
  124  20:02  Orbital Command  
  124  20:17  Factory  
  124  20:18  Factory  
  124  20:20  Marauder  
  126  20:37  Thor  
  126  20:42  Marauder, Marine x2  
  136  20:43  Marine x2  
  136  20:45  Raven  
  136  20:48  Viking x2  
  144  21:02  Marine x3  
  144  21:03  Marauder, Marine x2  
  144  21:04  Marine  
  152  21:06  Supply Depot  
  152  21:08  Supply Depot  
  152  21:20  Engineering Bay, Marine  
  152  21:24  Marauder  
  155  21:28  Raven  
  129  21:46  Marauder  
  128  21:51  Marine x2  
  128  21:52  Marine x4  
  130  22:07  Marauder  
  138  22:09  Marine x4  
Tags
 
Add a new tag
Caveats
  • Supply blocks, unpowered buildings, or Contaminate may cause inaccurate times.
  • Supply counts are checked every 10 seconds.